AoeStats
← bc129

MegaRandom

508716980Analyzed
4v4 RM · 9d ago on Sep 23, 2026· 35m 11s· 8 players
Game mode
Random Map
Map size
Large (8 player)
Population
200
Speed
Normal
Resources
Standard
Victory
Conquest
Starting age
Dark Age
Ending age
Imperial Age
RankedLock teamsTeams togetherTeam positionsShared explorationLock speedFull tech treeHidden civsTurbo modeCheats
Victory
Defeat
🇳🇱 Saxons · Netherlands
1015
+11
🇩🇪 Berbers · Germany
971
+13
🇨🇴 Cumans · Colombia
933
+15
🇨🇱 Danes · Chile
903
+17
🇧🇪 Franks · Belgium
970
-16
🇧🇪 Britons · Belgium
925
-15
🇧🇪 Byzantines · Belgium
877
-13
🇧🇪 Saxons · Belgium
862
-12
luismjchan
4:56 Loom
12:57 Feudal Age
21:50 Castle Age
19:56 Fishing Lines
20:06 Double-Bit Axe
21:27 Town Watch
22:02 Scale Barding Armor
22:08 Forging
22:46 Gold Mining
25:21 Bloodlines
27:49 Wheelbarrow
28:48 Caravan
30:50 Chain Barding Armor
33:12 Iron Casting
QiQiKaKaGuGu
3:11 Loom
16:28 Feudal Age
17:06 Double-Bit Axe
22:41 Castle Age
23:57 Scale Barding Armor
25:26 Chain Barding Armor
25:18 Forging
25:20 Bow Saw
25:53 Bloodlines
25:43 Husbandry
27:01 Fishing Lines
29:09 Iron Casting
29:04 Horse Collar
29:16 Gold Mining
29:18 Stone Mining
29:31 Gillnets
Koos
6:29 Loom
12:57 Feudal Age
15:38 Double-Bit Axe
20:19 Castle Age
18:46 Scale Mail Armor
18:45 Fletching
21:09 Thumb Ring
20:36 Crossbowman
21:25 Bodkin Arrow
24:42 Thumb Ring
23:58 Elite Skirmisher
25:53 Wheelbarrow
27:21 Padded Archer Armor
28:19 Bow Saw
33:49 Forging
33:31 Gambesons
33:35 Arson
35:38 Hand Cart
Z
6:03 Loom
14:11 Feudal Age
17:59 Castle Age
16:57 Horse Collar
17:38 Double-Bit Axe
20:25 Bow Saw
20:08 Gold Mining
20:09 Stone Mining
32:51 Gold Shaft Mining
32:51 Stone Shaft Mining
32:57 Wheelbarrow
32:30 Scale Mail Armor
33:46 Chain Mail Armor
33:41 Forging
32:55 Hamask
34:01 Hand Cart
33:56 Squires
33:42 Arson
ArmChairGeneral
10:57 Loom
12:49 Feudal Age
13:53 Double-Bit Axe
17:18 Wheelbarrow
18:47 Stone Mining
22:23 Castle Age
20:58 Arson
21:17 Scale Mail Armor
21:28 Forging
22:35 Fletching
22:46 Padded Archer Armor
24:38 Elite Skirmisher
25:40 Chain Mail Armor
29:15 Bodkin Arrow
31:24 Squires
31:10 Gambesons
33:43 Iron Casting
me530
3:58 Loom
14:26 Feudal Age
15:15 Double-Bit Axe
17:55 Wheelbarrow
21:02 Castle Age
20:19 Fishing Lines
22:07 Scale Barding Armor
22:02 Gillnets
23:15 Forging
24:55 Husbandry
24:19 Light Cavalry
27:31 Gold Mining
27:35 Stone Mining
31:12 Iron Casting
30:59 Chain Barding Armor
31:06 Bow Saw
31:38 Coinage
31:25 Pikeman
32:13 Fletching
bc129
13:20 Feudal Age
13:12 Loom
14:00 Double-Bit Axe
25:33 Castle Age
33:59 Stone Mining
34:34 Gold Mining
35:26 Stone Shaft Mining
Kongming
12:28 Feudal Age
12:56 Double-Bit Axe
14:03 Horse Collar
17:06 Wheelbarrow
17:24 Gold Mining
22:46 Castle Age
22:54 Crossbowman
31:05 Hand Cart
Connection lost

Rejoining the realm…

Still unreachable

The connection could not be restored.

Session expired

The server has moved on; the page needs a fresh start.